 Dungeon Crawl Stone Soup version 0.28-a0-586-gbdb9d174a4 (webtiles) character file.

Game seed: 15368617174439771815

165 edj the Vexing (level 5, -2/24 HPs)
             Began as a Spriggan Enchanter on Oct 3, 2021.
             Slain by Ijyb (5 damage)
             ... on level 3 of the Dungeon.
             The game lasted 00:07:09 (3622 turns).

edj the Vexing (Spriggan Enchanter)                 Turns: 3622, Time: 00:07:09

Health: -2/24      AC:  3    Str:  4    XL:     5   Next: 21%
Magic:  13/13      EV: 17    Int: 17    God:
Gold:   61         SH:  0    Dex: 16    Spells: 12/14 levels left

rFire   . . .      SeeInvis +   a - +2 dagger
rCold   . . .      Faith    .   (shield restricted)
rNeg    . . .      Spirit   .   b - +1 robe
rPois   .          Reflect  .   (helmet restricted)
rElec   .          Harm     .   e - scarf {repulsion}
rCorr   .          Rampage  .   (gloves unavailable)
Will    .....                   (boots unavailable)
Stlth   +++.......              (no amulet)
HPRegen 0.08/turn               (no ring)
MPRegen 0.13/turn               (no ring)

@: repel missiles, very quick
A: very small, no large weapons, unfitting armour, see invisible, speed 3
a: no special abilities


You were on level 3 of the Dungeon.
You visited 1 branch of the dungeon, and saw 4 of its levels.

You collected 61 gold pieces.

Inventory:

Hand Weapons
 a - a +2 dagger (weapon)
 l - a +0 dagger of freezing
Armour
 b - a +1 robe (worn)
 e - a scarf of repulsion (worn)
Wands
 k - a wand of polymorph (5)
Scrolls
 c - a scroll of enchant armour
 d - a scroll of immolation
 h - a scroll of fog
Potions
 g - 2 potions of flight {unknown}
 i - a potion of brilliance {unknown}
 j - a potion of berserk rage {unknown}


   Skills:
 - Level 1.1 Short Blades
 - Level 2.6 Dodging
 - Level 4.4 Stealth
 + Level 5.1 Spellcasting
 + Level 5.7 Hexes


You had 12 spell levels left.
You knew the following spells:

 Your Spells              Type           Power      Damage    Failure   Level
a - Ensorcelled Hibernat  Hex/Ice        28%        N/A       7%          2

Your spell library contained the following spells:

 Spells                   Type           Power      Damage    Failure   Level
 Confusing Touch          Hex            23%        N/A       4%          3
 Tukima's Dance           Hex            23%        N/A       4%          3
 Dazzling Flash           Conj/Hex       28%        N/A       13%         3


Dungeon Overview and Level Annotations

Branches:
Dungeon (4/15)
 Temple: D:4-7

Altars:
Makhleb
Nemelex Xobeh

Annotations:
D:3 Ijyb


Innate Abilities, Weirdness & Mutations

You are very small and have problems with some larger weapons.
You are too small for most types of armour.
You have supernaturally acute eyesight. (SInv)
You cover ground extremely quickly. (Speed+++)


Message History

Ijyb closely misses you.
You hit Ijyb but do no damage.
Ijyb is almost dead.
Ijyb closely misses you.
You hit Ijyb but do no damage.
Ijyb is almost dead.
Ijyb closely misses you.
You hit Ijyb but do no damage.
Ijyb is almost dead.
Ijyb hits you with a +0 dagger.
You barely miss Ijyb.
Ijyb is almost dead.
Ijyb completely misses you.
You hit Ijyb but do no damage.
Ijyb is almost dead.
Ijyb closely misses you.
You closely miss Ijyb.
Ijyb is almost dead.
Ijyb misses you.
You hit Ijyb but do no damage.
Ijyb is almost dead.
Ijyb barely misses you.
You barely miss Ijyb.
Ijyb is almost dead.
Ijyb hits you with a +0 dagger.
* * * LOW HITPOINT WARNING * * *
You hit Ijyb.
Ijyb is almost dead.
Ijyb closely misses you.
You hit Ijyb but do no damage.
Ijyb is almost dead.
Ijyb hits you with a +0 dagger.
* * * LOW HITPOINT WARNING * * *
You hit Ijyb but do no damage.
Ijyb is almost dead.
Ijyb barely misses you.
You barely miss Ijyb.
Ijyb is almost dead.
Ijyb hits you with a +0 dagger.
You die...

#. #.# # #.
#.# # #. #.#
#.#####.#
####.#.....#
..#.#.#####.#
#.#.........#
#.###.#######
#g@...#
#.##### ##


You could see Ijyb.

Vanquished Creatures
  Jessica (D:2)
  2 orc wizards (D:4)
  A gnoll (D:1)
  An adder (D:2)
  A river rat (D:3)
  A worm (D:3)
  5 orcs
  4 endoplasms
  2 giant cockroaches
  3 goblins
  5 hobgoblins
  4 jackals
  3 quokkas
  9 ball pythons
  6 bats
  3 frilled lizards
  4 kobolds
  5 rats
60 creatures vanquished.

Vanquished Creatures (others)
  2 fungi (D:3)
2 creatures vanquished.

Grand Total: 62 creatures vanquished

Notes
Turn   | Place    | Note
-------+----------+-------------------------------------------
     0 | D:1      | edj the Spriggan Enchanter began the quest for the Orb.
     0 | D:1      | Reached XP level 1. HP: 9/9 MP: 5/5
    93 | D:1      | Found a faded altar of an unknown god.
   621 | D:1      | Reached XP level 2. HP: 10/13 MP: 7/7
   785 | D:1      | Learned a level 2 spell: Ensorcelled Hibernation
  1431 | D:1      | Reached XP level 3. HP: 9/16 MP: 9/9
  1793 | D:2      | Found a burning altar of Makhleb.
  1853 | D:2      | Noticed Jessica
  1877 | D:2      | Killed Jessica
  1878 | D:2      | Reached XP level 4. HP: 21/21 MP: 8/11
  1925 | D:2      | Reached skill level 5 in Hexes
  2597 | D:3      | Found a sparkling altar of Nemelex Xobeh.
  2988 | D:4      | Reached XP level 5. HP: 19/24 MP: 5/13
  3271 | D:3      | Reached skill level 5 in Spellcasting
  3550 | D:3      | Noticed Ijyb
  3622 | D:3      | Slain by Ijyb

Illustrated notes

Levels and vault maps discovered:
D:1:      nzn_arrival_water_spiral, layout_basic, ebering_ecumenical_altar_webs,
          minmay_misc_feat_chi, dk_noncrumbling_4
D:2:      layout_rooms, basic_altar, serial_glass, glass_columns_c,
          glass_columns_c, glass_columns_a, glass_columns_b, uniq_jessica
D:3:      layout_basic, mainiacjoe_overflow_24_doors,
          mainiacjoe_overflow_alcove_4, uniq_ijyb
D:4:      layout_basic, okawaru_ov_weapons_minmay,
          worldfamousw_hep_ancestral_shrine, nicolae_dithmenos_shadow_blocks,
          trog_ov_bears_minmay, minmay_cut_off, uniq_crazy_yiuf_cottage,
          uniq_sigmund

Skill      XL: |  1  2  3  4  5 |
---------------+----------------+-----
Spellcasting   | 3 4 5 |  5.1
Hexes          | 4 5 |  5.7
Short Blades   | |  1.1
Dodging        | |  2.6
Stealth        | |  4.4

Action                   |  1- 3 |  4- 6 || total
-------------------------+-------+-------++-------
Melee: Dagger            |    78 |   177 ||   255
 Cast: Ensorcelled Hiber |     6 |    28 ||    34
Evoke: Wand              |       |     1 ||     1
  Use: Scroll            |     5 |     3 ||     8
       Potion            |       |     3 ||     3
 Stab: Sleeping          |    16 |    16 ||    32
       Distracted        |     1 |       ||     1
       Invisible         |       |     2 ||     2
Armor: Robe              |     5 |    12 ||    17
       Skin              |       |    45 ||    45
Dodge: Dodged            |    63 |    93 ||   156

Table legend: (Time is in decaauts)
 A = Elapsed time spent in this place.
 B = Non-inter-level travel time spent in this place.
 C = Inter-level travel time spent in this place.
 D = Time resting spent in this place.
 E = Time spent auto-exploring this place.
 F = Levels seen in this place.
 G = Mean time per level.
                   A        B        C        D        E       F      G
               +--------+--------+--------+--------+--------+-----+--------+
         Total |   2968 |   2929 |     39 |   1049 |   1211 |   4 |  742.0 |
       Dungeon |   2968 |   2929 |     39 |   1049 |   1211 |   4 |  742.0 |
               +--------+--------+--------+--------+--------+-----+--------+

Top non-repeatable levels by time:
     D:1: 1378 daAuts
     D:2: 770 daAuts
     D:3: 635 daAuts
     D:4: 184 daAuts
